Map: Ruins of Seras

Players

IIIIlIIlIlII (HuK) - Winner!

  • Race: Protoss Protoss
  • League: Grandmaster

SortOf

  • Race: Zerg Zerg
  • League: Grandmaster

Event: DreamHack ROCCAT LotV Championship

VOD

Have the link to the VOD?

Description

Time

  • Played on: Nov. 26, 2015, 5:46 a.m.
  • Length: 6:47

All games in this series

Show
View Real Time Build Order
Export as new Build Order

IIIIlIIlIlII Protoss - Winner!

Build Orders: 1 Gate Expand 

Get SALT Encoding   

  12  0:00  Probe (Chrono Boost)  
  13  0:11  Probe (Chrono Boost)  
  14  0:20  Pylon  
  14  0:22  Probe (Chrono Boost)  
  15  0:38  Probe (Chrono Boost), Gateway  
  16  0:43  Assimilator  
  16  0:48  Probe (Chrono Boost)  
  17  0:59  Probe (Chrono Boost)  
  18  1:09  Probe (Chrono Boost)  
  19  1:20  Probe (Chrono Boost)  
  20  1:27  Nexus  
  20  1:35  Cybernetics Core  
  20  1:37  Probe (Chrono Boost)  
  21  1:47  Probe (Chrono Boost)  
  21  1:48  Assimilator  
  22  1:58  Probe (Chrono Boost)  
  22  2:00  Pylon  
  23  2:12  Warp Gate (Chrono Boost)  
  23  2:18  Mothership Core, Adept (Chrono Boost)  
  27  2:25  Pylon  
  27  2:30  Pylon  
  27  2:33  Pylon  
  27  2:37  Pylon  
  27  2:39  Probe  
  28  2:45  Adept (Chrono Boost)  
  30  2:54  Pylon  
  30  2:58  Pylon  
  30  3:06  Gateway  
  30  3:10  Adept  
  31  3:15  Probe  
  31  3:23  Probe  
  31  3:35  Probe  
  31  3:39  Probe  
  35  3:48  Probe, Gateway  
  36  3:52  Probe (Chrono Boost)  
  35  3:58  Robotics Facility  
  35  4:00  Probe (Chrono Boost)  
  36  4:04  Probe (Chrono Boost)  
  36  4:08  Gateway  
  37  4:12  Probe (Chrono Boost)  
  37  4:15  Probe (Chrono Boost)  
  39  4:20  Sentry  
  39  4:22  Probe (Chrono Boost)  
  39  4:24  Adept  
  44  4:29  Probe (Chrono Boost)  
  45  4:35  Probe (Chrono Boost)  
  46  4:38  Forge  
  46  4:39  Probe (Chrono Boost)  
  47  4:45  Probe (Chrono Boost)  
  47  4:49  Probe (Chrono Boost)  
  47  4:51  Warp Prism (Chrono Boost)  
  51  4:57  Probe  
  51  4:59  Pylon  
  52  5:01  Probe, Assimilator  
  52  5:05  Pylon  
  53  5:12  Probe  
  54  5:16  Probe  
  54  5:20  Sentry x3  
  61  5:23  Assimilator  
  61  5:31  Probe  
  61  5:32  Probe  
  61  5:34  Sentry  
  65  5:38  Pylon  
  65  5:39  Pylon  
  65  5:43  Probe  
  64  5:51  Adept x3  
  70  6:02  Pylon  
  70  6:06  Pylon  
  70  6:09  Stalker x3  
  76  6:13  Stalker  
  68  6:30  Adept x2  
  72  6:35  Adept  
  72  6:39  Adept  
  80  6:44  Pylon  
  80  6:46  Pylon  
Show
View Real Time Build Order
Export as new Build Order

SortOf Zerg 

Build Orders: Pool First 

Get SALT Encoding   

  12  0:00  Drone  
  13  0:09  Drone  
  14  0:15  Drone, Extractor  
  14  0:33  Spawning Pool  
  13  0:37  Drone  
  14  0:43  Extractor  
  14  0:44  Drone  
  15  0:54  Overlord  
  15  1:20  Zergling x6  
  15  1:21  Metabolic Boost  
  18  1:31  Zergling x2  
  19  1:35  Queen  
  21  1:43  Zergling x2  
  22  1:59  Overlord  
  22  2:19  Hatchery, Zergling x4  
  23  2:27  Zergling x2  
  24  2:46  Zergling x2  
  26  2:51  Zergling x6  
  24  3:06  Zergling x2  
  23  3:14  Drone  
  23  3:15  Queen  
  25  3:30  Drone  
  24  3:36  Drone x3  
  24  3:39  Drone  
  27  3:44  Zergling x4  
  26  3:49  Overlord  
  26  3:57  Hatchery, Drone  
  26  4:03  Drone  
  26  4:08  Drone  
  26  4:09  Drone  
  29  4:11  Drone x2  
  30  4:24  Roach Warren  
  30  4:25  Drone x3  
  30  4:31  Overlord  
  32  4:35  Zergling x2  
  33  4:38  Overlord  
  33  4:41  Zergling x2  
  33  4:44  Zergling x2  
  35  4:50  Drone x3  
  38  4:54  Drone  
  38  4:56  Drone  
  40  5:01  Drone  
  40  5:03  Evolution Chamber  
  40  5:09  Drone  
  40  5:11  Drone  
  40  5:13  Roach x2  
  46  5:15  Roach  
  46  5:19  Drone  
  49  5:22  Queen  
  49  5:26  Roach  
  53  5:30  Drone  
  53  5:33  Roach x2  
  58  5:38  Overlord  
  58  5:39  Extractor  
  58  5:40  Drone  
  58  5:49  Zergling x2  
  58  5:50  Overlord  
  58  5:53  Overlord  
  60  5:57  Roach, Zergling x8  
  60  5:59  Ravager  
  65  6:11  Roach  
  66  6:18  Roach  
  60  6:30  Drone, Zergling x4  

Tags
 
Add a new tag
Caveats
  • Supply blocks, unpowered buildings, or Contaminate may cause inaccurate times.
  • Supply counts are checked every 10 seconds.